 Dungeon Sprint DCSS version 0.32-a0-931-g5a2cda0630 (webtiles) character file.

Game seed: 13124955735967961968

4800000 Griffin23 the Axe Maniac (level 23, -9/240 HPs)
             Began as a Minotaur Warper on Apr 14, 2024.
             Was the Champion of Makhleb.
             Mangled by a destroyer
             ... wielding a +9 heavy great sword
              (179 damage)
             ... in the Dungeon (Sprint VIII: "Arena of Blood").
             The game lasted 00:02:07 (48 turns).

Griffin23 the Axe Maniac (Minotaur Warper)            Turns: 48, Time: 00:02:08

Health: -9/240     AC:  6    Str: 20    XL:     23   Next: 85%
Magic:  21/53      EV: 28    Int: 10    God:    Makhleb [******]
Gold:   0          SH:  0    Dex: 17    Spells: 76/76 levels left

rFire   . . .        j - +∞ Axe of Woe
rCold   . . .        (shield currently unavailable)
rNeg    . . .        b - +0 leather armour
rPois   .            (helmet restricted)
rElec   .            (no cloak)
rCorr   .            (no gloves)
SInv    .            (no boots)
Will    +....        (no amulet)
Stlth   +++++++++    (no ring)
HPRegen 0.60/turn    (no ring)
MPRegen 0.33/turn

%: no teleportation
@: no status effects
A: horns 2, retaliatory headbutt
a: Renounce Religion, Minor Destruction, Lesser Servant of Makhleb, Major
Destruction, Greater Servant of Makhleb


You were in the Dungeon.
You worshipped Makhleb.
Makhleb was exalted by your worship.
You visited 1 branch

Inventory:

Hand Weapons
 a - a +0 hand axe
 j - the +∞ Axe of Woe (weapon)
   (You found it in the Dungeon)
Missiles
 d - 7 darts of dispersal (quivered)
Armour
 b - a +0 leather armour (worn)
Scrolls
 c - 2 scrolls of blinking
Potions
 e - a potion of curing
 f - a potion of heal wounds
 g - a potion of haste
 h - 2 potions of magic
 i - a potion of berserk rage


   Skills:
 O Level 27 Fighting
 + Level 12.0(14.1) Short Blades
 + Level 13.1(15.3) Long Blades
 O Level 27 Axes
 O Level 27 Maces & Flails
 O Level 27 Polearms
 * Level 21.1(27) Staves
 + Level 12.0 Ranged Weapons
 O Level 27 Throwing
 O Level 27 Armour
 O Level 27 Dodging
 O Level 27 Stealth
 + Level 13.1 Shields
 O Level 27 Unarmed Combat
 O Level 27 Spellcasting
 + Level 8.5 Conjurations
 + Level 7.8 Hexes
 + Level 8.5 Summonings
 + Level 8.5 Necromancy
 O Level 27 Translocations
 + Level 8.5 Fire Magic
 + Level 8.5 Ice Magic
 + Level 8.5 Air Magic
 + Level 9.3 Earth Magic
 + Level 8.5 Alchemy
 O Level 27 Invocations
 + Level 9.3 Evocations
 + Level 7.7 Shapeshifting


You had 76 spell levels left.
You didn't know any spells.
Your spell library contained the following spells:

 Spells                   Type           Power      Damage    Failure   Level
 Blink                    Tloc           100%       N/A       0%          2
 Lesser Beckoning         Tloc           100%       N/A       0%          2
 Maxwell's Portable Pile  Tloc           61%        2d(11-31) 0%          3
 Teleport Other           Tloc           61%        N/A       0%          3
 Vhi's Electric Charge    Tloc/Air       98%        N/A       1%          4


Dungeon Overview and Level Annotations

Branches:
Dungeon (1/1)

Altars:
Makhleb


Innate Abilities, Weirdness & Mutations

You have a pair of horns on your head.
You reflexively headbutt those who attack you in melee.


Message History

The destroyer points at you and mumbles some strange words.
The destroyer blinks!
A sculptor of flesh comes into view. It is wielding a +9 great sword.
The meat berserker is engulfed in blazing flames.
You hear a shout!
Your base Short Blades skill gained 3 levels and is now at level 12!
Your base Long Blades skill gained 3 levels and is now at level 13!
Your base Staves skill gained 3 levels and is now at level 21!
Your Ranged Weapons skill gained 3 levels and is now at level 12!
Your Shields skill gained 3 levels and is now at level 13!
Your Conjurations skill gained 2 levels and is now at level 8!
Your Hexes skill gained 2 levels and is now at level 7!
Your Summonings skill gained 2 levels and is now at level 8!
Your Necromancy skill gained 2 levels and is now at level 8!
Your Fire Magic skill gained 2 levels and is now at level 8!
Your Ice Magic skill gained 2 levels and is now at level 8!
Your Air Magic skill gained 2 levels and is now at level 8!
Your Earth Magic skill gained 2 levels and is now at level 9!
Your Alchemy skill gained 2 levels and is now at level 8!
Your Evocations skill gained 2 levels and is now at level 9!
Your Shapeshifting skill gained 2 levels and is now at level 7!
A bag of meat, 2 meat berserkers and a destroyer come into view.
The destroyer is wielding a +9 heavy great sword.
You are engulfed in blazing flames.
The bag of meat shouts!
The meat berserker shouts! x2; You hear a shout! x2
The bag of meat is engulfed in blazing flames.
The destroyer is engulfed in blazing flames.
The destroyer points at you and mumbles some strange words.
The destroyer blinks!
A bag of meat comes into view. It is wielding a +9 war axe.
The bag of meat is engulfed in blazing flames.
The bag of meat misses you. You furiously retaliate!
You headbutt the bag of meat!
The destroyer gestures at you while chanting.
The destroyer blinks!
The meat berserker is engulfed in blazing flames.
The destroyer is engulfed in blazing flames.
The destroyer hits you with a +9 heavy great sword!!!!!
Ouch! That really hurt!
You die...

....... ...o...... .
....o.... ..
....O.oo. ...
#...O...# ..Oz
#...oooo# .....
.###....oOV###o.MV.§
......###§§O@Oooo...
......°)§○Voooo....
..#...)z#§oooo..#.
#_.<._#z.oo.....
#.§).)#......#.#
......_....V.......
.....O###.........#.
.###.o ...###...o.
#.. ...# ....


You could see an accursed, 4 destroyers, 3 sculptors of flesh, a large bag of
meat (inner flame), 6 meat berserkers and 19 bags of meat.

Vanquished Creatures
  5 vampire knights (D)
  15 ogres (D)
  5 two-headed ogres (D)
  A hydra (D)
  57 orcs (D)
  2 skeletal warriors (D)
85 creatures vanquished.

Notes
Turn   | Place    | Note
-------+----------+-------------------------------------------
     0 | D        | Found the +∞ Axe of Woe
     0 | D        | Griffin23 the Minotaur Warper began the quest for the Orb.
     0 | D        | Reached XP level 1. HP: 18/18 MP: 1/1
     2 | D        | Noticed a bag of meat
     2 | D        | Noticed a bag of meat
     4 | D        | Became a worshipper of Makhleb the Destroyer
     4 | D        | Noticed a bag of meat
     4 | D        | Noticed a bag of meat
     5 | D        | Noticed a meat berserker
     9 | D        | Killed a bag of meat
     9 | D        | Killed a bag of meat
     9 | D        | Reached * piety under Makhleb
     9 | D        | Noticed a bag of meat
    10 | D        | Reached XP level 2. HP: 49/49 MP: 3/3
    10 | D        | Reached XP level 3. HP: 56/56 MP: 4/4
    10 | D        | Reached XP level 4. HP: 63/63 MP: 5/5
    10 | D        | Reached XP level 5. HP: 70/70 MP: 6/6
    10 | D        | Reached XP level 6. HP: 78/78 MP: 7/7
    10 | D        | Reached XP level 7. HP: 85/85 MP: 8/8
    10 | D        | Reached XP level 8. HP: 93/93 MP: 9/9
    10 | D        | Reached XP level 9. HP: 100/100 MP: 10/10
    10 | D        | Reached XP level 10. HP: 107/107 MP: 11/11
    10 | D        | Reached XP level 11. HP: 114/114 MP: 12/12
    10 | D        | Killed a meat berserker
    10 | D        | Killed a bag of meat
    10 | D        | Noticed a bag of meat
    10 | D        | Noticed a bag of meat
    11 | D        | Reached XP level 12. HP: 130/130 MP: 13/13
    11 | D        | Reached XP level 13. HP: 138/138 MP: 14/14
    11 | D        | Noticed a bag of meat
    11 | D        | Noticed a meat berserker
    11 | D        | Noticed a meat berserker
    11 | D        | Noticed a meat berserker
    11 | D        | Noticed a bag of meat
    12 | D        | Noticed a bag of meat
    13 | D        | Killed a bag of meat
    13 | D        | Reached ** piety under Makhleb
    13 | D        | Killed a meat berserker
    14 | D        | Reached skill level 27 in Axes
    14 | D        | Reached XP level 14. HP: 155/155 MP: 15/15
    14 | D        | Killed a bag of meat
    14 | D        | Noticed a bag of meat
    14 | D        | Noticed a bag of meat
    14 | D        | Noticed a bag of meat
    14 | D        | Noticed a bag of meat
    14 | D        | Noticed a bag of meat
    14 | D        | Noticed a bag of meat
    15 | D        | Noticed a bag of meat
    16 | D        | Killed a meat berserker
    16 | D        | Reached *** piety under Makhleb
    16 | D        | Noticed a bag of meat
    16 | D        | Noticed a bag of meat
    17 | D        | Reached XP level 15. HP: 170/170 MP: 16/16
    18 | D        | Noticed a large bag of meat
    20 | D        | Reached skill level 27 in Fighting
    20 | D        | Reached skill level 27 in Armour
    20 | D        | Reached **** piety under Makhleb
    20 | D        | Killed a meat berserker
    21 | D        | Reached skill level 27 in Dodging
    21 | D        | Reached skill level 5 in Throwing
    21 | D        | Reached skill level 5 in Stealth
    21 | D        | Reached skill level 5 in Unarmed Combat
    21 | D        | Reached skill level 5 in Invocations
    21 | D        | Reached XP level 16. HP: 183/183 MP: 16/21
    22 | D        | Reached skill level 5 in Translocations
    22 | D        | Reached ***** piety under Makhleb
    22 | D        | Noticed a meat berserker
    23 | D        | Reached skill level 10 in Unarmed Combat
    23 | D        | Noticed a meat berserker
    23 | D        | Noticed a meat berserker
    24 | D        | Reached skill level 10 in Stealth
    24 | D        | Reached skill level 10 in Invocations
    25 | D        | Reached XP level 17. HP: 191/191 MP: 16/28
    26 | D        | Reached skill level 15 in Maces & Flails
    26 | D        | Reached skill level 15 in Polearms
    26 | D        | Reached skill level 10 in Translocations
    26 | D        | Noticed a destroyer
    26 | D        | Reached ****** piety under Makhleb
    27 | D        | Noticed a destroyer
    28 | D        | Reached skill level 15 in Throwing
    28 | D        | Reached skill level 15 in Unarmed Combat
    28 | D        | Reached skill level 10 in Spellcasting
    28 | D        | Killed a large bag of meat
    29 | D        | Reached skill level 15 in Stealth
    29 | D        | Reached XP level 18. HP: 168/200 MP: 17/33
    29 | D        | Killed a meat berserker
    29 | D        | Killed a destroyer
    29 | D        | Killed a destroyer
    30 | D        | Reached skill level 15 in Translocations
    30 | D        | Reached XP level 19. HP: 207/207 MP: 17/35
    30 | D        | Killed a meat berserker
    31 | D        | Killed a meat berserker
    31 | D        | Noticed an eight-headed meat hydra
    32 | D        | Reached skill level 15 in Spellcasting
    32 | D        | Reached XP level 20. HP: 216/216 MP: 17/38
    32 | D        | Noticed a large bag of meat
    33 | D        | Noticed a meat berserker
    33 | D        | Noticed a meat berserker
    33 | D        | Noticed a meat berserker
    34 | D        | Noticed a meat berserker
    34 | D        | Noticed a meat berserker
    34 | D        | Noticed a large bag of meat
    35 | D        | Reached skill level 27 in Maces & Flails
    35 | D        | Reached skill level 27 in Polearms
    35 | D        | Noticed a meat berserker
    35 | D        | Noticed a destroyer
    36 | D        | Noticed a meat berserker
    36 | D        | Noticed a large bag of meat
    37 | D        | Noticed a large bag of meat
    37 | D        | Noticed a meat berserker
    37 | D        | Noticed a meat berserker
    38 | D        | Killed a destroyer
    38 | D        | Killed a meat berserker
    38 | D        | Killed a meat berserker
    39 | D        | Reached skill level 27 in Unarmed Combat
    39 | D        | Reached XP level 21. HP: 177/224 MP: 19/42
    39 | D        | Killed a large bag of meat
    39 | D        | Noticed a destroyer
    39 | D        | Noticed a destroyer
    39 | D        | Noticed a large bag of meat
    40 | D        | Reached skill level 27 in Throwing
    41 | D        | Reached skill level 27 in Invocations
    41 | D        | Noticed a destroyer
    42 | D        | Reached skill level 27 in Stealth
    42 | D        | Reached XP level 22. HP: 233/233 MP: 19/47
    42 | D        | Killed a large bag of meat
    42 | D        | Noticed a destroyer
    43 | D        | Killed a destroyer
    44 | D        | Reached skill level 27 in Spellcasting
    44 | D        | Reached skill level 27 in Translocations
    45 | D        | Reached skill level 5 in Short Blades
    45 | D        | Reached skill level 5 in Long Blades
    45 | D        | Reached skill level 5 in Ranged Weapons
    45 | D        | Reached skill level 5 in Shields
    45 | D        | Killed a destroyer
    45 | D        | Noticed a destroyer
    46 | D        | Reached skill level 5 in Conjurations
    46 | D        | Reached skill level 5 in Summonings
    46 | D        | Reached skill level 5 in Necromancy
    46 | D        | Reached skill level 5 in Fire Magic
    46 | D        | Reached skill level 5 in Ice Magic
    46 | D        | Reached skill level 5 in Air Magic
    46 | D        | Reached skill level 5 in Earth Magic
    46 | D        | Reached skill level 5 in Alchemy
    46 | D        | Reached skill level 5 in Evocations
    46 | D        | Reached XP level 23. HP: 226/240 MP: 20/53
    46 | D        | Killed a large bag of meat
    47 | D        | Reached skill level 10 in Long Blades
    47 | D        | Reached skill level 10 in Shields
    47 | D        | Reached skill level 5 in Hexes
    47 | D        | Reached skill level 5 in Shapeshifting
    47 | D        | Killed a large bag of meat
    48 | D        | Noticed an accursed
    48 | D        | Noticed a destroyer
    48 | D        | Mangled by a destroyer

Illustrated notes

Levels and vault maps discovered:
D:        meatsprint

Skill      XL: |  1  2  3  4  5  6  7  8  9 10 11 12 13 14 15 16 17 18 19 20 21 22 23 |
---------------+----------------------------------------------------------------------+-----
Fighting       | 16 19 22 25 27 | 27.0
Axes           | 22 26 27 | 27.0
Armour         | 16 19 22 25 27 | 27.0
Dodging        | 14 18 21 23 27 | 27.0
Maces & Flails | 6 14 20 22 25 27 | 27.0
Polearms       | 6 14 19 22 25 27 | 27.0
Throwing       | 5 12 17 19 22 26 27 | 27.0
Stealth        | 5 11 15 18 20 24 27 | 27.0
Unarmed Combat | 5 12 17 20 22 27 | 27.0
Spellcasting   | 4 8 12 13 15 18 22 27 | 27.0
Translocations | 4 9 13 15 16 20 24 27 | 27.0
Invocations    | 5 11 16 18 21 25 27 | 27.0
Staves         | 16 21 | 21.1
Short Blades   | 7 12 | 12.0
Long Blades    | 8 13 | 13.1
Ranged Weapons | 7 12 | 12.0
Shields        | 8 13 | 13.1
Conjurations   | 5 8 |  8.5
Hexes          | 4 7 |  7.8
Summonings     | 5 8 |  8.5
Necromancy     | 5 8 |  8.5
Fire Magic     | 5 8 |  8.5
Ice Magic      | 5 8 |  8.5
Air Magic      | 5 8 |  8.5
Earth Magic    | 5 9 |  9.3
Alchemy        | 5 8 |  8.5
Evocations     | 5 9 |  9.3
Shapeshifting  | 4 7 |  7.7

Action                     |  1- 3 |  4- 6 |  7- 9 | 10-12 | 13-15 | 16-18 | 19-21 | 22-24 || total
---------------------------+-------+-------+-------+-------+-------+-------+-------+-------++-------
  Melee: Executioner's axe |     1 |       |       |     1 |     6 |     9 |    10 |     6 ||    33
 Armour: Leather armour    |       |       |       |       |       |     1 |     4 |    11 ||    16
  Dodge: Dodged            |       |       |       |       |       |       |       |     1 ||     1

Table legend: (Time is in decaauts)
 A = Elapsed time spent in this place.
 B = Non-inter-level travel time spent in this place.
 C = Inter-level travel time spent in this place.
 D = Time resting spent in this place.
 E = Time spent auto-exploring this place.
 F = Levels seen in this place.
 G = Mean time per level.
                   A        B        C        D        E       F      G
               +--------+--------+--------+--------+--------+-----+--------+
         Total |     38 |     38 |      0 |      0 |      0 |   1 |   38.0 |
       Dungeon |     38 |     38 |      0 |      0 |      0 |   1 |   38.0 |
               +--------+--------+--------+--------+--------+-----+--------+

Top non-repeatable levels by time:
       D: 38 daAuts
